 Dungeon Crawl Stone Soup version 0.16.2-12-gd0ad4c3 (webtiles) character file.

136 Gartch the Digger (level 5, 0/28 HPs)
             Began as a Gargoyle Earth Elementalist on Oct 24, 2015.
             Slain by an orc wizard
             ... wielding a +0 dagger
              (1 damage)
             ... on level 4 of the Dungeon.
             The game lasted 00:44:08 (5047 turns).

Gartch the Digger (Gargoyle Earth Elementalist)     Turns: 5047, Time: 00:44:08

Health: 0/28       AC:  8    Str: 11    XL:     5   Next: 19%
Magic:  8/12       EV: 12    Int: 17    God:
Gold:   122        SH:  0    Dex: 10    Spells: 3 memorised, 5 levels left

rFire  . . .     SeeInvis .     n - +0 short sword
rCold  . . .     Clarity  .     c - +0 robe
rNeg   + . .     SustAb   .     (no shield)
rPois  ∞         Gourm    .     (no helmet)
rElec  +         Spirit   .     (no cloak)
rCorr  .         Warding  .     (no gloves)
rMut   .         Stasis   .     (no boots)
MR     .....                    (no amulet)
Stlth  ++........               (no ring)
                                (no ring)

@: stone skin, not resistant to hostile enchantments, unstealthy
A: negative energy resistance 1, electricity resistance, unbreathing,
petrification resistance, rot immunity, AC +4
a: no special abilities


You were on level 4 of the Dungeon.
You were not hungry.

You visited 1 branch of the dungeon, and saw 4 of its levels.

You collected 122 gold pieces.

Inventory:

Hand weapons
 h - a +0 dagger
 n - a +0 short sword (weapon)
 r - a cursed -3 falchion
Missiles
 b - 20 stones (quivered)
 m - 18 arrows
Armour
 c - a +0 robe (worn)
Jewellery
 j - an uncursed ring of see invisible {unknown}
 o - a +2 ring of dexterity {unknown}
 t - a cursed -2 ring of intelligence {unknown}
Scrolls
 e - 6 scrolls of identify {unknown}
 i - a scroll of recharging {unknown}
 l - 2 scrolls of amnesia {unknown}
 q - a scroll of teleportation {unknown}
Potions
 f - a potion of invisibility {unknown}
 g - 2 potions of restore abilities {unknown}
 k - a potion of degeneration {unknown}
 p - a potion of heal wounds {unknown}
Books
 d - a book of Geomancy

   Spells                             Type                      Level
   a - Sandblast                      Earth                        1
   b - Stoneskin                      Transmutation/Earth          2
   c - Passwall                       Transmutation/Earth          3
   d - Stone Arrow                    Conjuration/Earth            3
   e - Petrify                        Transmutation/Earth          4
   f - Lee's Rapid Deconstruction     Earth                        5
Comestibles
 a - a bread ration
 u - a meat ration


   Skills:
 - Level 1.5 Dodging
 - Level 2.1 Stealth
 * Level 3.7 Spellcasting
 + Level 2.1 Conjurations
 - Level 0.7 Transmutations
 + Level 4.6 Earth Magic


You had 5 spell levels left.
You knew the following spells:

 Your Spells              Type           Power        Failure   Level  Hunger
a - Sandblast             Erth           ###...       2%          1    None
b - Stoneskin             Trmt/Erth      ##......     10%         2    ##.....
c - Stone Arrow           Conj/Erth      ##....       14%         3    ###....


Dungeon Overview and Level Annotations

Branches:
Dungeon (4/15)
 Temple: D:4-7

Altars:
Qazlal
The Shining One

Annotations:
D:2 Sigmund; Terence
D:3 Gartch's ghost, average GrEE


Innate Abilities, Weirdness & Mutations

You are resistant to torment.
You are immune to poison.
Your stone body is very resilient (AC +4).
You resist negative energy.
You are resistant to electric shocks.
You can survive without breathing.
You are immune to petrification.
You are immune to rotting.


Message History

The magic dart hits you!
* * * LOW HITPOINT WARNING * * *
The orc wizard gestures at you while chanting.
The puff of frost hits you!
* * * LOW HITPOINT WARNING * * *
There is a stone staircase leading down here.
The orc wizard hits you but does no damage.
You climb downwards.
Found 7 gold pieces.
There is a stone staircase leading up here.
Casting: Sandblast
Confirm with . or Enter, or press ? or * to list all spells.
Aiming: Sandblast
Press: ? - help, Shift-Dir - straight line, f - orc wizard
Aim: an orc wizard, wielding a dagger and wearing a robe (fast)
Okay, then.
Casting: Sandblast
Confirm with . or Enter, or press ? or * to list all spells.
Your skin hardens.
The orc wizard hits you with a dagger.
You die...

#..
#...#
... ...
.$. #.#
#.# #o#
#@#
#......#
###.####
.# #


You could see an orc wizard.

Vanquished Creatures
  A worker ant (D:3)
  3 adders (D:2)
  A worm (D:2)
  3 giant geckos
  3 oozes
  3 orcs
  4 bats
  7 giant cockroaches
  8 goblins
  9 hobgoblins
  4 quokkas
  A ball python (D:3)
  A giant newt (D:1)
  8 jackals (D:2)
  10 rats
66 creatures vanquished.

Notes
Turn   | Place    | Note
--------------------------------------------------------------
     0 | D:1      | Gartch, the Gargoyle Earth Elementalist, began the quest for the Orb.
     0 | D:1      | Reached XP level 1. HP: 10/10 MP: 3/3
   493 | D:1      | Reached XP level 2. HP: 15/15 MP: 1/5
   540 | D:1      | Learned a level 2 spell: Stoneskin
  1691 | D:1      | Reached skill level 4 in Earth Magic
  1733 | D:1      | Reached XP level 3. HP: 19/19 MP: 2/6
  1770 | D:1      | Learned a level 3 spell: Stone Arrow
  2172 | D:2      | Found a stormy altar of Qazlal.
  2317 | D:2      | Noticed Terence
  2625 | D:2      | Noticed Sigmund
  2712 | D:2      | Reached skill level 1 in Conjurations
  2984 | D:2      | Reached XP level 4. HP: 22/24 MP: 2/9
  3376 | D:3      | Noticed Gartch's ghost (average GrEE)
  4046 | D:2      | Found a glowing golden altar of the Shining One.
  4238 | D:2      | Reached XP level 5. HP: 21/28 MP: 6/11
  5042 | D:3      | HP: 1/28 [orc wizard/puff of frost (3)]
  5047 | D:4      | Slain by an orc wizard

Action                   |  1- 3 |  4- 6 || total
-------------------------+-------+-------++-------
Melee: Dagger            |    52 |       ||    52
       Unarmed           |     1 |       ||     1
       Short sword       |     2 |    35 ||    37
Throw: Stone             |    68 |    47 ||   115
 Cast: Sandblast         |    98 |    63 ||   161
       Stoneskin         |       |    12 ||    12
 Stab: Sleeping          |     3 |       ||     3
  Eat: Chunk             |     7 |     7 ||    14
